 Dungeon Crawl Stone Soup version 0.31-a0-931-g7b59d4eb97 (webtiles) character file.

Game seed: 14227325486252272120

1324 Arex the Trooper (level 8, 0/70 HPs)
             Began as a Hill Orc Artificer on Oct 19, 2023.
             Was a Believer of Uskayaw.
             Succumbed to a water moccasin's poison
             ... on level 5 of the Dungeon.
             The game lasted 00:05:49 (4874 turns).

Arex the Trooper (Hill Orc Artificer)               Turns: 4874, Time: 00:05:50

Health: 0/70       AC: 15    Str: 16    XL:     8   Next: 60%
Magic:  7/8        EV:  4    Int: 15    God:    Uskayaw [**....]
Gold:   205        SH:  8    Dex: 10    Spells: 7/7 levels left

rFire   . . .        h - +3 mace
rCold   . . .        l - +0 kite shield
rNeg    . . .        w - +0 plate armour
rPois   .            (no helmet)
rElec   .            m - +0 cloak
rCorr   .            (no gloves)
SInv    +            (no boots)
Will    .....        (no amulet) Stlth
                     g - ring of see invisible
HPRegen 0.31/turn    (no ring)
MPRegen 0.11/turn

%: no passive effects
@: lethally poisoned (0 -> -2), on berserk cooldown
A: iridescent scales 1, clever 1
a: Renounce Religion, Stomp, Line Pass


You were on level 5 of the Dungeon.
You worshipped Uskayaw.
Uskayaw was noncommittal.
You visited 1 branch of the dungeon, and saw 6 of its levels.

You collected 205 gold pieces.

Inventory:

Hand Weapons
 a - a +0 club
 h - a +3 mace (weapon)
Armour
 b - a +0 leather armour
 k - a +0 ring mail
 l - a +0 kite shield (worn)
 m - a +0 cloak (worn)
 r - a +0 chain mail
 w - a +0 plate armour (worn)
Jewellery
 g - a ring of see invisible (left hand)
Wands
 c - a wand of flame (17) (quivered)
 d - a wand of charming (13)
 e - a wand of iceblast (1)
Scrolls
 f - 4 scrolls of fog
 j - 2 scrolls of butterflies {unknown}
 p - 2 scrolls of vulnerability {unknown}
 q - 2 scrolls of silence
 u - 2 scrolls of teleportation {unknown}
Potions
 i - a potion of enlightenment
 n - 2 potions of degeneration
 o - 2 potions of brilliance
 v - a potion of cancellation


   Skills:
 + Level 6.0 Fighting
 + Level 5.9 Armour
 + Level 4.1 Dodging
 - Level 1.1 Stealth
 + Level 5.1 Shields
 - Level 3.3 Evocations


You had 7 spell levels left.
You didn't know any spells.
Your spell library contained the following spells:

 Spells                   Type           Power      Damage    Failure   Level
 Summon Small Mammal      Summ           0%         N/A       100%        1
 Blink                    Tloc           0%         N/A       100%        2
 Lesser Beckoning         Tloc           0%         N/A       100%        2
 Momentum Strike          Conj/Tloc      0%         3d8       100%        2
 Sublimation of Blood     Necr           0%         N/A       100%        2
 Call Canine Familiar     Summ           0%         N/A       100%        3
 Ignite Poison            Fire/Tmut/Pois 0%         N/A       100%        3
 Summon Guardian Golem    Hex/Summ       0%         N/A       100%        3
 Tukima's Dance           Hex            0%         N/A       100%        3
 Brom's Barrelling Bould  Conj/Erth      0%         2d3       100%        4
 Dimensional Bullseye     Hex/Tloc       0%         N/A       100%        4
 Iskenderun's Mystic Bla  Conj/Tloc      0%         2d3       100%        4
 Petrify                  Tmut/Erth      0%         N/A       100%        4
 Irradiate                Conj/Tmut      0%         3d11      100%        5


Dungeon Overview and Level Annotations

Branches:
Dungeon (6/15)             Temple (0/1) D:5

Altars:
Uskayaw
Yredelemnul

Annotations:
D:4 1 runed translucent door


Innate Abilities, Weirdness & Mutations

You are partially covered in iridescent scales. (AC +2)
Your mind is acute. (Int +4, Str/Dex -1)


Message History

* * * LOW HITPOINT WARNING * * *
You feel very sick. The water moccasin barely misses you.
You thump the water moccasin!
You kill the water moccasin!
* * * LOW HITPOINT WARNING * * *
You feel sick.
Your Fighting skill increases to level 6!
Your Shields skill increases to level 5!
* * * LOW HITPOINT WARNING * * *
You feel sick.
There is a stone staircase leading down, spattered with blood here.
You see here a water moccasin corpse.
You start resting.
You feel a strong urge to attack something.
* * * LOW HITPOINT WARNING * * *
You feel sick.
You start resting.
* * * LOW HITPOINT WARNING * * *
You feel sick.
You start resting.
You feel your anger nearly subside.
You are no longer berserk.
You are exhausted.
You feel yourself slow down.
* * * LOW HITPOINT WARNING * * *
You feel sick.
There is a lethal amount of poison in your body!
There is a lethal amount of poison in your body!
There is a lethal amount of poison in your body!
There is a lethal amount of poison in your body!
It was a potion of mutation.
You feel extremely strange.
You feel clever.
Iridescent scales grow over part of your body.
* * * LOW HITPOINT WARNING * * *
You feel sick.
There is a lethal amount of poison in your body!
Your magical effects are unravelling.
You feel magically purged.
You feel yourself speed up.
You die...

#.##### #.#..# #.#
#.# ####.#))# #.#
#.# #.......# ##.#
#.#
#.##.##.####..####
#.#
#.##.##...#......#
#.#
#..>....#.........
###.#
####.#..#.########
#...#
######.#..#...#...#.
#.###
#.†@..#...#.#.#.#.#.
#.#
#.####.#.##.#.#.#.#.
#.# #.#
#†#.##.#.#.#.#. #.#
#.# #.#.##.#.#.#.#.
#.#
#.####.#.##.#.#.#.#.
#.#
#........##.#.#.#.#.
##.##
#..###.####.#...#...
#...#######..#
#....#.########
#...†........#
####...........


There were no monsters in sight!

Vanquished Creatures
  Grinder (D:4)
  A water moccasin (D:5)
  A sky beast (D:4)
  2 black bears
  An ogre (D:4)
  A phantom (D:6)
  2 scorpions
  5 hounds (D:5)
  An orc priest (D:5)
  5 iguanas
  2 gnolls (D:4)
  5 adders
  A shadow imp (D:5)
  2 ufetubi (D:5)
  2 worms
  A dart slug (D:1)
  6 orcs
  2 ball pythons (D:2)
  4 bats (D:2)
  6 endoplasms
  5 giant cockroaches
  4 goblins
  5 hobgoblins
  6 kobolds
  A quokka (D:4)
  4 frilled lizards
  A goblin zombie (D:4)
  A kobold skeleton (D:4)
  A rat (D:3)
79 creatures vanquished.

Vanquished Creatures (collateral kills)
  A gnoll (D:4)
  An endoplasm (D:1)
2 creatures vanquished.

Grand Total: 81 creatures vanquished

Notes
Turn   | Place    | Note
-------+----------+-------------------------------------------
     0 | D:1      | Arex the Hill Orc Artificer began the quest for the Orb.
     0 | D:1      | Reached XP level 1. HP: 16/16 MP: 1/1
   196 | D:1      | Reached skill level 1 in Stealth
   491 | D:1      | Found a faded altar of an unknown god.
   506 | D:1      | Prayed at the altar of an unknown god.
   506 | D:1      | Became a worshipper of Uskayaw the Reveller
   506 | D:1      | Reached * piety under Uskayaw
   531 | D:1      | Reached skill level 1 in Dodging
   531 | D:1      | Reached XP level 2. HP: 23/23 MP: 2/2
  1148 | D:2      | Reached ** piety under Uskayaw
  1397 | D:2      | Reached XP level 3. HP: 29/29 MP: 3/3
  1898 | D:2      | Reached skill level 2 in Fighting
  2300 | D:3      | Identified the "Conuater"
  3036 | D:4      | Reached XP level 4. HP: 37/37 MP: 4/4
  3058 | D:4      | Noticed Grinder
  3069 | D:4      | Reached *** piety under Uskayaw
  3072 | D:4      | Killed Grinder
  3073 | D:4      | Reached skill level 3 in Fighting
  3073 | D:4      | Reached XP level 5. HP: 45/45 MP: 5/5
  3073 | D:4      | Reached XP level 6. HP: 51/51 MP: 6/6
  3078 | D:4      | Reached **** piety under Uskayaw
  3157 | D:4      | Noticed a black bear
  3161 | D:4      | Killed a black bear
  3162 | D:4      | Noticed a sky beast
  3171 | D:4      | Killed a sky beast
  3171 | D:4      | Reached ***** piety under Uskayaw
  3172 | D:4      | Reached skill level 4 in Fighting
  3172 | D:4      | Reached XP level 7. HP: 48/59 MP: 7/7
  3623 | D:4      | Found a runed translucent door.
  3623 | D:4      | Noticed a human
  3627 | D:4      | Found a basalt altar of Yredelemnul.
  3660 | D:5      | Entered Level 5 of the Dungeon
  3763 | D:5      | Reached skill level 5 in Armour
  3798 | D:5      | Reached skill level 5 in Fighting
  3903 | D:5      | Found a staircase to the Ecumenical Temple.
  3914 | D:5      | Reached XP level 8. HP: 67/68 MP: 8/8
  4394 | D:5      | Noticed a +0 spear
  4486 | D:5      | Noticed a +0 dagger
  4486 | D:5      | Noticed a +0 dagger
  4487 | D:5      | Noticed a +0 short sword
  4488 | D:5      | Noticed a +0 spear
  4488 | D:5      | Noticed a +0 short sword
  4489 | D:5      | Noticed a +0 falchion
  4489 | D:5      | Noticed a +0 falchion
  4491 | D:5      | Found a hide-covered altar of Uskayaw.
  4869 | D:5      | Reached skill level 6 in Fighting
  4869 | D:5      | Reached skill level 5 in Shields
  4871 | D:5      | HP: 5/105 [poisoned by a water moccasin]
  4872 | D:5      | HP: 2/70 [poisoned by a water moccasin]
  4873 | D:5      | Gained mutation: Your mind is acute. (Int +4, Str/Dex -1)
                  | [potion of mutation]
  4873 | D:5      | Gained mutation: You are partially covered in iridescent
                  | scales. (AC +2) [potion of mutation]
  4874 | D:5      | Succumbed to a water moccasin's poison

Illustrated notes

Levels and vault maps discovered:
D:1:      dpeg_arrival_central, layout_loops_corners,
          ebering_ecumenical_altar_petrified, hangedman_feature_mirror
D:2:      layout_basic
D:3:      layout_loops_ring, grunt_decor_fettered, dreamdust_wishing_well,
          nicolae_twisty_statue_hallways
D:4:      layout_cave_pools, dk_yredelemnul_ordeal, minmay_between, uniq_grinder
D:5:      layout_loops_ring, nicolae_uskayaw_en_pointe,
          minmay_temple_entry_statues_fountains, minivault_27, moated_statue
D:6:      layout_cave_pools, okawaru_gym_becter, minmay_manual_mandibuliform

Skill      XL: |  1  2  3  4  5  6  7  8 |
---------------+-------------------------+-----
Stealth        | 1 |  1.1
Dodging        | 1 2 3 4 |  4.1
Fighting       | 2 3 4 5 6 |  6.0
Armour         | 3 4 5 |  5.9
Shields        | 2 3 4 5 |  5.1
Evocations     | |  3.3

Action                     |  1- 3 |  4- 6 |  7- 9 || total
---------------------------+-------+-------+-------++-------
  Melee: Club              |   123 |       |       ||   123
         Mace              |    22 |    19 |   173 ||   214
 Invoke: Stomp             |       |       |     1 ||     1
  Evoke: Wand              |     5 |    14 |    15 ||    34
    Use: Scroll            |     4 |       |     2 ||     6
         Potion            |       |       |     4 ||     4
   Stab: Paralysed         |       |     1 |     1 ||     2
 Armour: Leather armour    |    43 |       |       ||    43
         Ring mail         |    47 |       |       ||    47
         Chain mail        |     7 |    12 |   191 ||   210
         Plate armour      |       |       |    37 ||    37
  Dodge: Dodged            |    66 |     4 |    83 ||   153
  Block: Kite shield       |    22 |    11 |   117 ||   150

Table legend: (Time is in decaauts)
 A = Elapsed time spent in this place.
 B = Non-inter-level travel time spent in this place.
 C = Inter-level travel time spent in this place.
 D = Time resting spent in this place.
 E = Time spent auto-exploring this place.
 F = Levels seen in this place.
 G = Mean time per level.
                   A        B        C        D        E       F      G
               +--------+--------+--------+--------+--------+-----+--------+
         Total |   5034 |   4791 |    243 |    394 |   3453 |   6 |  839.0 |
       Dungeon |   5034 |   4791 |    243 |    394 |   3453 |   6 |  839.0 |
               +--------+--------+--------+--------+--------+-----+--------+

Top non-repeatable levels by time:
     D:1: 1239 daAuts
     D:2: 1101 daAuts
     D:5: 1030 daAuts
     D:4: 806 daAuts
     D:3: 668 daAuts
     D:6: 187 daAuts
